 Dungeon Crawl Stone Soup version 0.31.0-32-g396128a36d (webtiles) character file.

Game seed: 3157777154227865463

1736 PaiMei the Purveyor of Pain (level 8, -13/60 HPs)
             Began as a Demonspawn Necromancer on Apr 17, 2024.
             Was an Initiate of Kikubaaqudgha.
             Killed from afar by an acid dragon (18 damage)
             ... with a splash of acid
             ... on level 6 of the Dungeon.
             The game lasted 00:09:10 (8163 turns).

PaiMei the Purveyor of Pain (DsNe)                  Turns: 8163, Time: 00:09:11

Health: -13/60     AC: -5    Str: 10    XL:     8   Next: 76%
Magic:  1/16       EV: 14    Int: 17    God:    Kikubaaqudgha [......]
Gold:   378        SH:  0    Dex: 13    Spells: 9/17 levels left

rFire   . . .        n - +1 flail (venom)
rCold   . . .        (no shield)
rNeg    . . .        a - +0 robe
rPois   .            r - +0 helmet
rElec   .            (no cloak)
rCorr   .            (no gloves)
SInv    +            (boots unavailable)
Will    .....        (no amulet)
Stlth   +++          p - ring of see invisible
HPRegen 0.30/turn    D - ring "Nussirid" {Slay+4 Stlth+}
MPRegen 0.15/turn

%: no passive effects
@: corroded
A: hooves 3, demonic magic 1, weakness stinger 1, demonic touch 1
a: Renounce Religion


You were on level 6 of the Dungeon.
You worshipped Kikubaaqudgha.
Kikubaaqudgha was noncommittal.
You visited 2 branches of the dungeon, and saw 8 of its levels.

You collected 378 gold pieces.

Inventory:

Hand Weapons
 n - a +1 flail of venom (weapon)
 v - a +2 dagger of venom
 E - a +4 falchion of freezing
Missiles
 c - 2 atropa-tipped darts
 q - 6 curare-tipped darts
 C - 5 darts of dispersal (quivered)
Armour
 a - a +0 robe (worn)
 r - a +0 helmet (worn)
Jewellery
 p - a ring of see invisible (left hand)
 D - the ring "Nussirid" (right hand) {Slay+4 Stlth+}
   (You found it on level 6 of the Dungeon)

   [ring of slaying]

   Slay+4:    It affects your accuracy & damage with ranged weapons and melee
   (+4).
   Stlth+:    It makes you more stealthy.
Wands
 m - a wand of flame (9)
Scrolls
 d - 2 scrolls of amnesia {unknown}
 f - 2 scrolls of teleportation {unknown}
 g - 2 scrolls of fog {unknown}
 l - a scroll of immolation {unknown}
 o - 6 scrolls of identify {unknown}
 s - 3 scrolls of enchant armour {unknown}
 t - a scroll of revelation {unknown}
 u - 4 scrolls of blinking {unknown}
 w - 2 scrolls of noise {unknown}
 y - a scroll of vulnerability {unknown}
 z - a scroll of torment {unknown}
 B - a scroll of acquirement {unknown}
Potions
 b - a potion of magic
 e - 6 potions of curing {unknown}
 h - 2 potions of might {unknown}
 i - 3 potions of haste {unknown}
 j - 2 potions of degeneration {unknown}
 k - a potion of enlightenment {unknown}
 x - a potion of resistance {unknown}
 A - a potion of attraction {unknown}


   Skills:
 + Level 3.9 Fighting
 + Level 5.4 Dodging
 - Level 4.0 Stealth
 + Level 5.4 Spellcasting
 + Level 7.5 Necromancy


You had 9 spell levels left.
You knew the following spells:

 Your Spells              Type           Power      Damage    Failure   Level
a - Necrotise             Necr           100%       1d9       1%          1
b - Vampiric Draining     Necr           30%        2d8       1%          3
c - Animate Dead          Necr           30%        N/A       6%          4

Your spell library contained the following spells:

 Spells                   Type           Power      Damage    Failure   Level
 Fugue of the Fallen      Necr           30%        N/A       1%          3
 Apportation              Tloc           8%         N/A       14%         1
 Magic Dart               Conj           16%        1d3       14%         1
 Curse of Agony           Necr           30%        N/A       17%         5
 Blink                    Tloc           8%         N/A       21%         2
 Call Imp                 Summ           8%         N/A       21%         2
 Jinxbite                 Hex            8%         N/A       21%         2
 Ozocubu's Armour         Ice            4%         N/A       38%         3
 Manifold Assault         Tloc           4%         N/A       80%         4
 Alistair's Intoxication  Alch           2%         N/A       98%         5


Dungeon Overview and Level Annotations

Branches:
Dungeon (7/15)             Temple (1/1) D:5

Altars:
Ashenzari
Cheibriados
Dithmenos
Fedhas
Gozag
Hepliaklqana
Kikubaaqudgha
Makhleb
Nemelex Xobeh
Okawaru
Qazlal
Ru
Trog
Uskayaw
Vehumet
Wu Jian
Xom
Yredelemnul

Shops:
D:5 =


Innate Abilities, Weirdness & Mutations

You have hooves in place of feet.
Spells you cast may paralyse adjacent enemies.
You have a small tail.
Your touch may inflict minor irresistible damage on your foes.


Message History

There is a stone staircase leading up here.
The acid dragon bites you!
* * * LOW HITPOINT WARNING * * *
The acid dragon barely misses you. The black bear barely misses you.
The black bear closely misses you. x2
The gnoll sergeant hits you from afar with a +0 spear!
* * * LOW HITPOINT WARNING * * *
You climb upwards.
There is a stone staircase leading down here.
Casting: Vampiric Draining (safe; 1% risk of failure)
Confirm with . or Enter, or press ? or * to list all spells.
Aiming: Vampiric Draining (safe; 1% risk of failure)
Press: ? - help, Shift-Dir - straight line, f - black bear
Aim: a black bear You draw life force from the black bear!
You feel life coursing into your body! Malevolent energies surge around you.
The black bear suddenly stops moving!
The acid dragon suddenly stops moving!
The helpless black bear fails to defend itself.
You hit the black bear but do no damage.
The black bear is poisoned.
You kick the black bear.
The black bear is severely wounded.
The black bear is no longer paralysed.
The black bear goes berserk!
The black bear closely misses you. The black bear claws you.
* * * LOW HITPOINT WARNING * * *
The black bear claws you!
* * * LOW HITPOINT WARNING * * *
Casting: Vampiric Draining (safe; 1% risk of failure)
Confirm with . or Enter, or press ? or * to list all spells.
Aiming: Vampiric Draining (safe; 1% risk of failure)
Press: ? - help, Shift-Dir - straight line, f/p - black bear
Aim: a black bear (almost dead, berserk, poisoned)
You draw life force from the black bear!
You kill the black bear!
Kikubaaqudgha accepts your kill.
You feel life coursing into your body. Malevolent energies surge around you.
The acid dragon is no longer paralysed.
The acid dragon spits acid at you. The splash of acid hits you!!
You die...
Kikubaaqudgha rasps: "You have failed me!
Welcome... death!"

.#.# #....#
#.# .#.#
#....# #.#
.#.#
####.#######.#
.#.#
#............#
.#.#
#.####..###..#
.#.# #.#
##..##..#
.#.###.#
##.##..#
.#.....#
#...D.#
.#######
###.@## ..#
#### ..# ..#
..# ..# ..#
###


You could see an acid dragon (catching breath).

Vanquished Creatures
  2 water moccasins
  A sky beast (D:7)
  An ogre (D:6)
  3 black bears
  4 scorpions
  5 wights (D:6)
  An orc priest (D:6)
  4 bombardier beetles
  2 gnoll boudas (D:5)
  2 hounds
  4 iguanas
  3 orc wizards
  Terence (D:2)
  Robin (D:3)
  7 adders
  A shadow imp (D:5)
  6 ufetubi
  A ribbon worm (D:3)
  4 dart slugs
  7 orcs
  6 ball pythons
  10 endoplasms
  3 giant cockroaches
  14 goblins
  7 hobgoblins
  3 jackals (D:1)
  A quokka (D:1)
  9 bats
  4 frilled lizards
  7 kobolds
  5 rats
129 creatures vanquished.

Vanquished Creatures (collateral kills)
  A goblin (D:3)
  A jackal (D:1)
  A ball python (D:2)
3 creatures vanquished.

Grand Total: 132 creatures vanquished

Notes
Turn   | Place    | Note
-------+----------+-------------------------------------------
     0 | D:1      | PaiMei the Demonspawn Necromancer began the quest for the
                  | Orb.
     0 | D:1      | Reached XP level 1. HP: 13/13 MP: 3/3
   204 | D:1      | Gained mutation: Spells you cast may paralyse adjacent
                  | enemies. [demonic ancestry]
   204 | D:1      | Reached XP level 2. HP: 15/19 MP: 0/5
   708 | D:1      | Discovered your monstrous ancestry.
   708 | D:1      | Gained mutation: You have a small tail. [demonic ancestry]
   708 | D:1      | Reached XP level 3. HP: 24/24 MP: 3/6
   712 | D:1      | Learned a level 3 spell: Vampiric Draining
  1265 | D:2      | Noticed Terence
  2152 | D:2      | Killed Terence
  2153 | D:2      | Reached XP level 4. HP: 18/30 MP: 0/8
  2711 | D:3      | Reached skill level 5 in Necromancy
  2892 | D:3      | Gained mutation: You have large cloven feet. [demonic
                  | ancestry]
  2892 | D:3      | Reached XP level 5. HP: 31/35 MP: 2/9
  3240 | D:3      | Noticed Robin
  3249 | D:3      | Killed Robin
  3687 | D:4      | Noticed a water moccasin
  3695 | D:4      | Killed a water moccasin
  3696 | D:4      | Gained mutation: You have hoof-like feet. [demonic
                  | ancestry]
  3696 | D:4      | Reached XP level 6. HP: 32/41 MP: 5/11
  4251 | D:4      | Found a radiant altar of Vehumet.
  4521 | D:5      | Entered Level 5 of the Dungeon
  4527 | D:5      | Learned a level 4 spell: Animate Dead
  4616 | D:5      | Reached skill level 6 in Necromancy
  4616 | D:5      | Gained mutation: Your touch may inflict minor irresistible
                  | damage on your foes. [demonic ancestry]
  4616 | D:5      | Reached XP level 7. HP: 46/46 MP: 4/12
  4771 | D:5      | Reached skill level 1 in Fighting
  5334 | D:5      | Found Yrphyugu's Jewellery Shop.
  5386 | D:5      | Found a basalt altar of Yredelemnul.
  5531 | D:5      | Found a staircase to the Ecumenical Temple.
  5543 | Temple   | Entered the Ecumenical Temple
  5558 | Temple   | Became a worshipper of Kikubaaqudgha
  5995 | D:6      | Gained mutation: You have hooves in place of feet. [demonic
                  | ancestry]
  5995 | D:6      | Reached XP level 8. HP: 57/57 MP: 4/15
  6535 | D:6      | Reached skill level 7 in Necromancy
  6890 | D:6      | Identified the ring "Nussirid" {Slay+4 Stlth+}
  7237 | D:6      | Reached skill level 5 in Dodging
  7237 | D:6      | Reached skill level 5 in Spellcasting
  8159 | D:7      | HP: 2/60 [gnoll sergeant/+0 spear (7)]
  8163 | D:6      | Killed from afar by an acid dragon

Illustrated notes

Levels and vault maps discovered:
D:1:      eino_arrival_cavern_a, layout_rooms
D:2:      layout_rooms, wander_ebering_terrifying_dragon_lair, uniq_terence
D:3:      layout_rooms, elyvilon_altar_5, minmay_statues_item, uniq_robin
D:4:      layout_loops_cross, vehumet_crystals
D:5:      minmay_skewed_foursquare, layout_rooms, lemuel_round_altar,
          minmay_temple_entry_large_hall, serial_shops, shop,
          nrook_pool_corridor
D:6:      layout_basic
D:7:      hangedman_cross_stitches, layout_cave_pools, serial_column_ruins,
          column_ruins_hut_ruined, column_ruins_square_medium,
          column_ruins_grid_1, column_ruins_grid_1, column_ruins_open_small
Temple:   eino_narrow_crystal_temple

Skill      XL: |  1  2  3  4  5  6  7  8 |
---------------+-------------------------+-----
Dodging        | 2 3 4 5 |  5.4
Stealth        | 2 3 4 |  4.0
Necromancy     | 5 6 7 |  7.5
Spellcasting   | 3 4 5 |  5.4
Fighting       | 2 3 |  3.9

Action                     |  1- 3 |  4- 6 |  7- 9 || total
---------------------------+-------+-------+-------++-------
  Melee: Short sword       |    16 |       |       ||    16
         Tailslap          |     3 |     3 |     8 ||    14
         Flail             |       |    26 |    56 ||    82
         Punch             |       |     2 |       ||     2
         Kick              |       |     1 |    24 ||    25
         Touch             |       |       |    13 ||    13
   Cast: Necrotise         |    71 |    87 |    44 ||   202
         Vampiric Draining |     2 |     6 |    29 ||    37
   Stab: Paralysed         |     6 |    10 |    10 ||    26
 Armour: Robe              |    23 |    21 |    58 ||   102
  Dodge: Dodged            |    26 |    19 |   117 ||   162
